 Dungeon Crawl Stone Soup version 0.22.1-1-ga44c0e56f4 (webtiles) character file.

327 LLavrengius the Slasher (level 6, -11/51 HPs)
             Began as a Barachi Fighter on Oct 2, 2018.
             Mangled by an ogre
             ... wielding a +0 giant spiked club
              (26 damage)
             ... on level 4 of the Dungeon.
             The game lasted 00:05:48 (1920 turns).

LLavrengius the Slasher (Barachi Fighter)           Turns: 1920, Time: 00:05:49

Health: -11/51     AC:  9    Str: 18    XL:     6   Next: 50%
Magic:  6/6        EV:  7    Int: 10    God:
Gold:   88         SH:  9    Dex: 11    Spells: 5/5 levels left

rFire    . . .     SeeInvis .   a - +0 long sword
rCold    . . .     Gourm    .   c - +0 shield
rNeg     . . .     Faith    .   b - +0 scale mail
rPois    .         Spirit   .   h - +1 hat
rElec    .         Reflect  .   (no cloak)
rCorr    .         Harm     .   (no gloves)
MR       .....                  g - +0 pair of boots
Stlth    ..........             e - amulet of rage
HPRegen  0.17/turn              (no ring)
MPRegen  0.10/turn              (no ring)

@: slow
A: +LOS, swims, slowness 1, strong legs 1
a: Hop, Evoke Berserk Rage


You were on level 4 of the Dungeon.
You were hungry.

You visited 1 branch of the dungeon, and saw 4 of its levels.

You collected 88 gold pieces.

Inventory:

Hand Weapons
 a - a +0 long sword (weapon)
 o - a +0 hand crossbow
Armour
 b - a +0 scale mail (worn)
 c - a +0 shield (worn)
 g - a +0 pair of boots (worn)
 h - a +1 hat (worn)
Jewellery
 e - an amulet of rage (around neck)
Scrolls
 i - 5 scrolls of remove curse {unknown}
 k - a scroll of identify {unknown}
 l - a scroll of amnesia
Potions
 d - a potion of might
 j - 2 potions of mutation {unknown}
 m - a potion of magic {unknown}
 n - a potion of berserk rage {unknown}
 p - a potion of ambrosia {unknown}
 r - 2 potions of curing {unknown}
Comestibles
 f - 3 rations


   Skills:
 + Level 5.2 Fighting
 * Level 5.9 Long Blades
 - Level 3.6 Armour
 + Level 4.8 Shields


You had 5 spell levels left.
You didn't know any spells.
Your spell library was empty.

Dungeon Overview and Level Annotations

Branches:
Dungeon (4/15)
 Temple: D:4-7

Altars:

Annotations:
D:3 1 runed door, Freyura's ghost, amateur GnWz


Innate Abilities, Weirdness & Mutations

Shadows flee at your approach. (+LOS)
You can swim through water.
You cover ground slowly.
You can hop short distances.


Message History

No target in view!
Found 15 stones.
You now have 88 gold pieces (gained 9).
There is an open door here.
You are feeling hungry.
An ogre comes into view. It is wielding a giant spiked club.
The ogre shouts!
The ogre hits you with a giant spiked club!
You are too injured to fight recklessly!
You are too injured to fight recklessly!
You are too injured to fight recklessly!
You slash the ogre!
The ogre is moderately wounded.
The ogre hits you with a giant spiked club!
* * * LOW HITPOINT WARNING * * *
You slash the ogre!
The ogre is severely wounded.
The ogre hits you with a giant spiked club!!
Ouch! That really hurt!
You die...

...#.#.#.###########......#
...#.#.#..................#
...#.#.##############.....#
.....#.# #.....# ######.#
#.....# .......# #.....#
######## #.[...#
######.#.#####
###+###..@O..#.#
#.....#.######.. #.....#.#
#.....#.# #.....#.#
###'###.# ########.......#
.........#.#####
.........#.#


You could see an ogre.

Vanquished Creatures
  2 ogres (D:4)
  A worker ant (D:3)
  A killer bee zombie (D:3)
  5 adders
  A gnoll (D:1)
  An ooze (D:1)
  An adder skeleton (D:4)
  2 worms
  3 leopard geckos
  4 ball pythons
  A giant cockroach (D:1)
  4 goblins
  5 hobgoblins
  2 jackals (D:3)
  3 quokkas (D:2)
  8 bats
  3 frilled lizards
  3 kobolds
  5 rats
55 creatures vanquished.

Notes
Turn   | Place    | Note
-------+----------+-------------------------------------------
     0 | D:1      | LLavrengius the Barachi Fighter began the quest for the
                  | Orb.
     0 | D:1      | Reached XP level 1. HP: 18/18 MP: 1/1
    55 | D:1      | Reached XP level 2. HP: 25/25 MP: 2/2
   127 | D:1      | Reached XP level 3. HP: 30/30 MP: 3/3
   671 | D:2      | Reached XP level 4. HP: 33/37 MP: 4/4
  1192 | D:3      | Found a runed door.
  1192 | D:3      | Noticed Freyura's ghost (amateur GnWz)
  1406 | D:3      | Reached XP level 5. HP: 42/43 MP: 5/5
  1766 | D:4      | Noticed an ogre
  1775 | D:4      | Killed an ogre
  1775 | D:4      | Reached skill level 5 in Fighting
  1775 | D:4      | Reached skill level 5 in Long Blades
  1775 | D:4      | Reached XP level 6. HP: 51/51 MP: 6/6
  1920 | D:4      | Mangled by an ogre

Skill      XL: |  1  2  3  4  5 |
---------------+----------------+-----
Long Blades    | 3 4 5 |  5.9
Fighting       | 4 5 |  5.2
Shields        | 4 |  4.8
Armour         | |  3.6

Action                   |  1- 3 |  4- 6 || total
-------------------------+-------+-------++-------
Melee: Long sword        |    85 |   135 ||   220
  Use: Scroll            |       |     3 ||     3
  Eat: Chunk             |       |     4 ||     4
Armor: Scale mail        |    50 |    65 ||   115
Dodge: Dodged            |    27 |    44 ||    71
Block: Shield            |    53 |    81 ||   134
       Rpst.: Long sword |    10 |    13 ||    23
